AoeStats
← aggl1005

Marketplace

504726555Analyzed
1v1 RM · 27d ago on Sep 6, 2026· 50m 4s· 2 players
Game mode
Random Map
Map size
Tiny (2 player)
Population
200
Speed
Normal
Resources
Standard
Victory
Conquest
Starting age
Dark Age
Ending age
Imperial Age
RankedLock teamsTeams togetherTeam positionsShared explorationLock speedFull tech treeHidden civsTurbo modeCheats
Victory
Defeat
🇦🇺 Jurchens · Australia
514
+17
🇬🇧 Cumans · United Kingdom
527
-17
aggl1005
1:03 Loom
11:28 Feudal Age
12:38 Double-Bit Axe
13:35 Horse Collar
14:53 Wheelbarrow
16:27 Gold Mining
19:09 Arson
18:45 Man-at-Arms
21:48 Castle Age
22:44 Forging
22:30 Fletching
25:06 Hand Cart
27:08 Iron Casting
45:34 Imperial Age
44:40 Scale Barding Armor
44:48 Bodkin Arrow
Musik2MyEarz
11:00 Feudal Age
11:31 Horse Collar
11:40 Double-Bit Axe
17:07 Gold Mining
19:56 Wheelbarrow
21:27 Fletching
21:43 Scale Barding Armor
25:09 Castle Age
26:18 Bow Saw
26:26 Caravan
26:30 Bodkin Arrow
28:24 Chain Barding Armor
30:33 Thumb Ring
31:23 Hand Cart
30:54 Town Watch
36:23 Forging
Connection lost

Rejoining the realm…

Still unreachable

The connection could not be restored.

Session expired

The server has moved on; the page needs a fresh start.